 Dungeon Crawl Stone Soup version 0.17.1-2-g5865329 (webtiles) character file.

2043 Grim the Impaler (level 9, 0/64 HPs)
             Began as a Merfolk Gladiator on Feb 12, 2016.
             Was a Follower of Dithmenos.
             Slain by a yak (7 damage)
             ... on level 5 of the Dungeon.
             The game lasted 00:21:23 (6783 turns).

Grim the Impaler (Merfolk Gladiator)                Turns: 6783, Time: 00:21:23

Health: 0/64       AC:  9    Str: 19    XL:     9   Next: 24%
Magic:  9/10       EV: 15    Int:  8    God:    Dithmenos [*.....]
Gold:   180        SH:  0    Dex: 16    Spells: 0 memorised, 8 levels left

rFire  + + +     SeeInvis .     a - +0 trident
rCold  + . .     Clarity  .     J - +2 leather armour {rF+}
rNeg   . . .     SustAt   .     (no shield)
rPois  +         Gourm    .     n - +0 helmet
rElec  +         Spirit   .     G - +1 cloak
rCorr  +         Warding  .     (no gloves)
rMut   .         Stasis   .     i - +0 pair of boots
MR     .....                    q - amulet of rage
Stlth  +.........               v - ring of protection from fire
                                g - +3 ring of strength

@: resistant, wreathed by umbra, not resistant to hostile enchantments, very
unstealthy
A: change form in water, swift swim, high mp 2, poison resistance
a: Renounce Religion, Evoke Berserk Rage


You were on level 5 of the Dungeon.
You worshipped Dithmenos.
Dithmenos was aware of your devotion.
You were not hungry.

You visited 2 branches of the dungeon, and saw 6 of its levels.

You collected 180 gold pieces.

Inventory:

Hand Weapons
 a - a +0 trident (weapon)
 b - a +0 blowgun
Missiles
 h - 8 poisoned needles
 m - 2 javelins
 t - 11 tomahawks
 z - a throwing net (quivered)
Armour
 c - a +0 helmet
 i - a +0 pair of boots (worn)
 n - a +0 helmet (worn)
 w - a +0 leather armour
 G - a +1 cloak (worn)
 J - a +2 leather armour of fire resistance (worn)
Jewellery
 g - a +3 ring of strength (left hand)
 j - an uncursed amulet of stasis
 o - an uncursed amulet of warding
 q - an amulet of rage (around neck)
 v - a ring of protection from fire (right hand)
 B - an uncursed ring of teleportation
Wands
 d - a wand of polymorph (0)
 y - a wand of heal wounds (0)
Scrolls
 f - a scroll of teleportation {unknown}
 k - 2 scrolls of remove curse
 p - a scroll of enchant armour {unknown}
 A - a scroll of magic mapping {unknown}
 D - a scroll of noise {unknown}
 E - a scroll of amnesia
 F - 3 scrolls of identify
 H - a scroll of fog
Potions
 I - a potion of berserk rage {unknown}
Books
 x - a book of Conjurations

   Spells                             Type                      Level
   a - Magic Dart                     Conjuration                  1
   b - Searing Ray                    Conjuration                  2
   c - Dazzling Spray                 Conjuration/Hexes            3
   d - Fulminant Prism                Conjuration/Hexes            4
   e - Iskenderun's Mystic Blast      Conjuration                  4
   f - Iskenderun's Battlesphere      Conjuration/Charms           5
Comestibles
 e - 3 bread rations
 r - a slice of pizza
 s - 4 meat rations


   Skills:
 + Level 3.2 Fighting
 - Level 15.4 Polearms
 - Level 2.0 Throwing
 * Level 5.7 Dodging


You had 8 spell levels left.
You didn't know any spells.

Dungeon Overview and Level Annotations

Branches:
Dungeon (5/15)             Temple (1/1) D:4

Altars:
Ashenzari
Cheibriados
Dithmenos
Fedhas
Gozag
Kikubaaqudgha
Okawaru
Qazlal
Ru
Trog
Vehumet
Yredelemnul
Zin
The Shining One

Annotations:
D:2 Grinder


Innate Abilities, Weirdness & Mutations

You revert to your normal form in water.
You are very nimble and swift while swimming.
You have a considerably increased reservoir of magic (+20% MP).
Your system is resistant to poisons.


Message History

You puncture the yak!
The yak is severely wounded.
You hit the yak.
The yak is severely wounded.
The yak barely misses you.
Drink which item? (? for menu, Esc to quit)
It was a potion of cancellation.
You feel magically purged. The yak barely misses you.
Drink which item? (? for menu, Esc to quit)
It was a potion of resistance.
You feel protected. The yak barely misses you.
Drink which item? (? for menu, Esc to quit)
It was a potion of mutation.
You feel extremely strange.
You feel more energetic. x2
You feel resistant to poisons. The yak barely misses you.
Drink which item? (? for menu, Esc to quit)
It was a potion of poison.
You feel slightly nauseous. The yak gores you!
You die...

#.##.### #.##.#
#.##.###
#############.##.##.
#.................#.
#.###########.##..#.
#.# #.##..#.
#.###########.##.Y..
#..@YYY.....#.....Y#
#..########.####...Y
#..# ##..Y...Y.<
#..# # ..........Y.
#..# #.###.####..##
#####..# #.###.#
#.## #......#
#>..#.# #.# #.####.#
##.#.# #.# #.#
##.#####....####.#


You could see 3 yaks.

Vanquished Creatures
  2 yaks (D:5)
  Eustachio (D:5)
  The ghost of Mysteryquy the Ruffian, an amateur DrTm (D:4)
  Menkaure (D:4)
  An ogre (D:5)
  2 centaurs
  Blork the orc (D:4)
  2 scorpions (D:5)
  A jelly (D:4)
  2 crimson imps (D:5)
  A hound (D:4)
  The ghost of antares the Magician, a weakling DEWz of Vehumet (D:3)
  A giant frog zombie (D:5)
  4 orc wizards
  4 orc priests (D:4)
  Natasha (twice) (D:2)
  An iguana (D:5)
  4 worker ants
  A worker ant zombie (D:5)
  7 gnolls
  14 adders
  3 oozes (D:2)
  An adder skeleton (D:5)
  2 worms
  3 giant geckos
  25 orcs
  13 goblins
  8 hobgoblins
  6 jackals
  11 kobolds
  2 quokkas
  2 ball pythons
  8 bats
  5 giant cockroaches
  A giant gecko skeleton (D:5)
  7 giant newts
  5 rats
156 creatures vanquished.

Vanquished Creatures (others)
  5 toadstools (D:1)
5 creatures vanquished.

Grand Total: 161 creatures vanquished

Notes
Turn   | Place    | Note
--------------------------------------------------------------
     0 | D:1      | Grim the Merfolk Gladiator began the quest for the Orb.
     0 | D:1      | Reached XP level 1. HP: 16/16 MP: 1/1
   136 | D:1      | Reached skill level 5 in Polearms
   272 | D:1      | Reached XP level 2. HP: 22/22 MP: 2/2
   613 | D:1      | Reached XP level 3. HP: 27/27 MP: 3/3
   747 | D:1      | Reached skill level 6 in Polearms
  1043 | D:2      | Found a bloodstained altar of Trog.
  1097 | D:2      | Reached XP level 4. HP: 22/33 MP: 4/4
  1102 | D:2      | Reached skill level 7 in Polearms
  1683 | D:2      | Noticed Natasha
  1689 | D:2      | Killed Natasha
  1689 | D:2      | Reached skill level 8 in Polearms
  1689 | D:2      | Reached XP level 5. HP: 31/38 MP: 5/5
  1741 | D:2      | Noticed Natasha
  1750 | D:2      | Killed Natasha
  1838 | D:3      | Noticed Grinder
  1892 | D:3      | Paralysed by Grinder for 7 turns
  2157 | D:3      | Noticed antares's ghost (weakling DEWz)
  2172 | D:3      | Killed antares's ghost
  2188 | D:3      | Reached skill level 9 in Polearms
  2407 | D:3      | Found a shattered altar of Ashenzari.
  2499 | D:3      | Reached XP level 6. HP: 37/44 MP: 6/6
  3369 | D:3      | Found a sacrificial altar of Ru.
  3496 | D:4      | Reached skill level 10 in Polearms
  3814 | D:4      | Found a staircase to the Ecumenical Temple.
  3825 | Temple   | Entered the Ecumenical Temple
  3889 | Temple   | Became a worshipper of Dithmenos the Shadowed
  4012 | Temple   | Reached XP level 7. HP: 37/50 MP: 7/7
  4102 | D:4      | Reached skill level 11 in Polearms
  4280 | D:4      | Noticed Menkaure
  4292 | D:4      | Killed Menkaure
  4445 | D:4      | Reached skill level 12 in Polearms
  4602 | D:5      | Entered Level 5 of the Dungeon
  4608 | D:5      | Noticed a yak
  4608 | D:5      | Noticed a yak
  5055 | D:4      | Reached XP level 8. HP: 51/56 MP: 8/8
  5067 | D:4      | Noticed Mysteryquy's ghost (amateur DrTm)
  5086 | D:4      | Killed Mysteryquy's ghost
  5086 | D:4      | Reached skill level 13 in Polearms
  5201 | D:4      | Noticed Blork the orc
  5213 | D:4      | Killed Blork the orc
  5591 | D:5      | Found a basalt altar of Yredelemnul.
  5603 | D:5      | Reached * piety under Dithmenos
  5603 | D:5      | Reached skill level 14 in Polearms
  5745 | D:5      | Noticed Eustachio
  5785 | D:5      | Killed Eustachio
  5962 | D:5      | Reached skill level 15 in Polearms
  6262 | D:5      | Reached XP level 9. HP: 61/61 MP: 9/9
  6314 | D:5      | Noticed a yak
  6316 | D:5      | Noticed a yak
  6332 | D:5      | Killed a yak
  6332 | D:5      | Reached skill level 5 in Dodging
  6343 | D:5      | Noticed a yak
  6776 | D:5      | Killed a yak
  6782 | D:5      | Gained mutation: You have an increased reservoir of magic (+10% MP). [potion of mutation]
  6782 | D:5      | Gained mutation: You have a considerably increased reservoir of magic (+20% MP). [potion of mutation]
  6782 | D:5      | Gained mutation: Your system is resistant to poisons. [potion of mutation]
  6783 | D:5      | Slain by a yak

Action                   |  1- 3 |  4- 6 |  7- 9 || total
-------------------------+-------+-------+-------++-------
Melee: Trident           |   120 |   221 |   286 ||   627
       Unarmed           |       |       |    14 ||    14
 Fire: Blowgun           |       |    14 |    14 ||    28
Throw: Throwing net      |     2 |    16 |     2 ||    20
       Javelin           |       |     1 |     2 ||     3
Evoke: Wand              |       |     1 |       ||     1
  Use: Scroll            |       |     6 |     3 ||     9
       Potion            |       |     1 |     8 ||     9
 Stab: Sleeping          |     1 |     1 |     1 ||     3
       Held in net/web   |       |     5 |     1 ||     6
       Distracted        |       |     1 |       ||     1
  Eat: Chunk             |     1 |     7 |     4 ||    12
       Meat ration       |       |     1 |     1 ||     2
